 Dungeon Crawl Stone Soup version 0.25-a0-681-gdf4e720381 (webtiles) character file.

Game seed: 4983820129447256054, levelgen mode: deterministic

5 CryoSword the Skirmisher (level 1, -3/24 HPs)
             Began as an Ogre Berserker on Mar 29, 2020.
             Was a Follower of Trog.
             Slain by a kobold
             ... wielding a +0 whip
              (5 damage)
             ... on level 1 of the Dungeon.
             The game lasted 00:00:42 (45 turns).

CryoSword the Skirmisher (Ogre Berserker)             Turns: 45, Time: 00:00:42

Health: -3/24      AC:  3    Str: 20    XL:     1   Next: 80%
Magic:  1/1        EV: 10    Int:  8    God:    Trog [*.....]
Gold:   28         SH:  0    Dex:  8    Spells: 0/0 levels left

rFire    . . .     SeeInvis .   a - +0 mace
rCold    . . .     Gourm    .   (no shield)
rNeg     . . .     Faith    .   b - +0 animal skin
rPois    .         Spirit   .   (helmet restricted)
rElec    .         Reflect  .   (no cloak)
rCorr    .         Harm     .   (gloves unavailable)
MR       .....                  (boots unavailable)
Stlth    +.........             (no amulet)
HPRegen  0.08/turn              (no ring)
MPRegen  0.07/turn              (no ring)

@: berserk cooldown, slowed, very slow
A: large, unfitting armour, tough skin 1
a: Berserk, Renounce Religion


You were on level 1 of the Dungeon.
You worshipped Trog.
Trog was aware of your devotion.
You were not hungry.

You visited 1 branch of the dungeon, and saw 1 of its levels.

You collected 28 gold pieces.

Inventory:

Hand Weapons
 a - a +0 mace (weapon)
Armour
 b - a +0 animal skin (worn)
Potions
 d - 2 potions of curing {unknown}
Comestibles
 c - a ration {!d}


   Skills:
 + Level 4.1 Fighting
 * Level 3.0 Maces & Flails
 - Level 2.6 Dodging


You couldn't memorise any spells.
You didn't know any spells.
Your spell library was empty.

Dungeon Overview and Level Annotations

Branches:
Dungeon (1/15)

Altars:


Innate Abilities, Weirdness & Mutations

You are too large for most types of armour.
You have tough skin. (AC +1)


Message History

Welcome, CryoSword the Ogre Berserker.
The bosom of this dungeon contains the legendary artefact, the Orb of Zot.
Trog says: Kill them all!
Found 28 gold pieces, a naga barding and 2 black potions.
Found a staircase leading out of the dungeon.
You now have 14 gold pieces.
Things that are here:
a naga barding; a chain mail You now have 28 gold pieces (gained 14).
d - 2 black potions You open the door.
A leopard gecko comes into view.
Found a jade ring.
There is an open door here.
A leopard gecko is nearby!
A leopard gecko is nearby!
A leopard gecko comes into view.
The leopard gecko hisses angrily.
The leopard gecko hisses angrily.
The leopard gecko bites you but does no damage.
The leopard gecko closely misses you.
You barely miss the leopard gecko.
The leopard gecko hisses menacingly.
The leopard gecko bites you but does no damage.
You hit the leopard gecko. The leopard gecko bites you.
The leopard gecko barely misses you.
You barely miss the leopard gecko. The leopard gecko bites you. x3
You are too injured to fight recklessly!
You are too injured to fight recklessly!
You are too injured to fight recklessly!
You are too injured to fight recklessly!
You are too injured to fight recklessly!
You are too injured to fight recklessly!
You are too injured to fight recklessly!
A red film seems to cover your vision as you go berserk!
You feel yourself moving faster!
You feel mighty!
You feel a lot more hungry. The leopard gecko closely misses you.
The leopard gecko barely misses you.
You are too injured to fight recklessly!
You are too injured to fight recklessly!
You are too injured to fight recklessly!
You are too injured to fight recklessly!
You are too injured to fight recklessly!
You barely miss the leopard gecko.
The leopard gecko bites you but does no damage. x2
You sock the leopard gecko!
You kill the leopard gecko!
Trog accepts your kill. The leopard gecko bites you.
A hobgoblin comes into view. It is wielding a +0 club.
You closely miss the leopard gecko.
The hobgoblin shouts!
The leopard gecko bites you but does no damage.
You sock the leopard gecko!
You kill the leopard gecko!
Trog accepts your kill.
You feel a strong urge to attack something.
A kobold comes into view. It is wielding a +0 whip.
You feel your anger nearly subside.
You are no longer berserk.
Trog's vigour flows through your veins.
You are exhausted.
You feel yourself slow down.
You hit the hobgoblin. The hobgoblin hits you with a +0 club.
* * * LOW HITPOINT WARNING * * *
The hobgoblin completely misses you.
You hit the hobgoblin.
You kill the hobgoblin!
Trog accepts your kill.
Your Maces & Flails skill increases to level 3!
You see here a +0 club.
The kobold hits you with a +0 whip.
* * * LOW HITPOINT WARNING * * *
You barely miss the kobold. The kobold barely misses you.
The kobold closely misses you.
You closely miss the kobold. The kobold hits you but does no damage.
The kobold completely misses you.
You closely miss the kobold. The kobold barely misses you.
The kobold hits you with a +0 whip.
* * * LOW HITPOINT WARNING * * *
You hit the kobold. The kobold completely misses you.
You hit the kobold. The kobold hits you with a +0 whip.
* * * LOW HITPOINT WARNING * * *
The kobold hits you but does no damage.
You barely miss the kobold. The kobold barely misses you. x2
You closely miss the kobold. The kobold hits you but does no damage.
The kobold barely misses you.
You closely miss the kobold. The kobold closely misses you.
The kobold hits you with a +0 whip.
* * * LOW HITPOINT WARNING * * *
You closely miss the kobold. The kobold hits you with a +0 whip.
* * * LOW HITPOINT WARNING * * *
The kobold barely misses you.
You barely miss the kobold. The kobold hits you with a +0 whip.
You die...

#### ..... #.##
.....# ...#
......# ....#
.......## ....#
#.....###..=.#
#...K#..#...#
#...#@...#
#.##.....#..#
..##...........#
...............#
..#####.####..##
#####'#####.#
#.........#.#
#.........# #
#..⌠...⌠..#


You could see a kobold.

Vanquished Creatures
  2 leopard geckos (D:1)
  A hobgoblin (D:1)
3 creatures vanquished.

Notes
Turn   | Place    | Note
-------+----------+-------------------------------------------
     0 | D:1      | CryoSword the Ogre Berserker began the quest for the Orb.
     0 | D:1      | Reached XP level 1. HP: 24/24 MP: 1/1
    45 | D:1      | Slain by a kobold

Levels and vault maps discovered:
D:1:      mushboom_english_gardens, layout_basic, minmay_misc_feat_chi,
          kennysheep_crisscross

Skill      XL: |  1 |
---------------+----+-----
Maces & Flails | 3 |  3.0
Fighting       | |  4.1
Dodging        | |  2.6

Action                   || total
-------------------------++-------
Melee: Mace              ||    19
Invok: Berserk           ||     1
Armor: Animal skin       ||     8
Dodge: Dodged            ||    15

Table legend:
 A = Non-vault XP
 B = Vault XP
 C = Vault XP percentage of total XP
 D = Non-vault monster count
 E = Vault monster count
 F = Vault count percentage of total count
                 A         B        C        D         E       F
            +---------+---------+-------+---------+---------+-------
      Total |       8 |       0 |   0.0 |       3 |       0 |   0.0
            +---------+---------+-------+---------+---------+-------
        D:1 |       8 |       0 |   0.0 |       3 |       0 |   0.0
            +---------+---------+-------+---------+---------+-------
